 Dungeon Crawl Stone Soup version 0.22.1-1-ga44c0e5 (webtiles) character file.

159 magicm the Slasher (level 5, -3/41 HPs)
             Began as a Human Fighter on Nov 10, 2018.
             Slain by a sky beast (5 damage)
             ... on level 3 of the Dungeon.
             The game lasted 00:09:13 (1964 turns).

magicm the Slasher (Human Fighter)                  Turns: 1964, Time: 00:09:15

Health: -3/41      AC:  6    Str: 17    XL:     5   Next: 68%
Magic:  5/5        EV:  7    Int:  9    God:
Gold:   113        SH: 10    Dex: 12    Spells: 4/4 levels left

rFire    . . .     SeeInvis .   a - +0 long sword
rCold    . . .     Gourm    .   c - +1 shield
rNeg     . . .     Faith    .   b - +0 scale mail
rPois    .         Spirit   .   (no helmet)
rElec    .         Reflect  .   (no cloak)
rCorr    .         Harm     .   (no gloves)
MR       .....                  (no boots)
Stlth    ..........             (no amulet)
HPRegen  0.13/turn              (no ring)
MPRegen  0.09/turn              (no ring)

@: no status effects
A: no striking features
a: no special abilities


You were on level 3 of the Dungeon.
You were not hungry.

You visited 1 branch of the dungeon, and saw 3 of its levels.

You collected 113 gold pieces.

Inventory:

Hand Weapons
 a - a +0 long sword (weapon)
Armour
 b - a +0 scale mail (worn)
 c - a +1 shield (worn)
Scrolls
 g - a scroll of remove curse
Potions
 d - a potion of might
 e - a potion of berserk rage
Comestibles
 f - a ration


   Skills:
 + Level 3.5 Fighting
 + Level 3.9 Long Blades
 + Level 3.3 Armour
 + Level 1.4 Dodging
 + Level 3.7 Shields


You had 4 spell levels left.
You didn't know any spells.
Your spell library was empty.

Dungeon Overview and Level Annotations

Branches:
Dungeon (3/15)

Altars:
Cheibriados
Nemelex Xobeh


Message History

* * * LOW HITPOINT WARNING * * *
Something shocks you.
* * * LOW HITPOINT WARNING * * *
You barely miss something.
A sky beast appears from thin air!
Reactivating autopickup.
The sky beast hits you but does no damage.
You block the sky beast's attack.
You closely miss the sky beast.
The sky beast is moderately wounded.
The sky beast hits you but does no damage.
You slash the sky beast!
The sky beast is heavily wounded.
The sky beast hits you but does no damage.
You hit the sky beast.
The sky beast is heavily wounded.
The sky beast hits you but does no damage.
The sky beast hits you.
* * * LOW HITPOINT WARNING * * *
The sky beast shocks you.
You die...

#.........# ###....
#.####.##.# ##... #.#
#.##.# #... ###.####.#..#
###. #...........# ##
#.####.####.# #.##.....##.#
### #.#.......#.# #..
#.#...).Y@#.# #..
#....._.....####### ##..
#.#.......#.......#####...
#.#.......#.......#.......
##.##.....##........>......
#..####.####.......#####...
#............####.....#....
#.##...#..#### #####...#..
#........## ##.####


You could see a sky beast.

Vanquished Creatures
  Jessica (D:3)
  4 adders
  An ooze (D:3)
  2 worms (D:2)
  3 dart slugs
  A leopard gecko (D:2)
  7 orcs
  2 giant cockroaches (D:3)
  9 goblins
  7 hobgoblins
  7 jackals (D:3)
  9 kobolds
  A quokka (D:2)
  A ball python (D:1)
  9 bats
  A frilled lizard (D:3)
  10 rats
75 creatures vanquished.

Notes
Turn   | Place    | Note
-------+----------+-------------------------------------------
     0 | D:1      | magicm the Human Fighter began the quest for the Orb.
     0 | D:1      | Reached XP level 1. HP: 18/18 MP: 1/1
    31 | D:1      | Reached XP level 2. HP: 24/24 MP: 2/2
   205 | D:1      | Reached XP level 3. HP: 29/29 MP: 3/3
   671 | D:2      | Reached XP level 4. HP: 6/35 MP: 4/4
  1042 | D:2      | Reached skill level 1 in Dodging
  1337 | D:3      | Noticed Jessica
  1342 | D:3      | Killed Jessica
  1342 | D:3      | Reached XP level 5. HP: 41/41 MP: 5/5
  1406 | D:3      | Found a snail-covered altar of Cheibriados.
  1466 | D:3      | Noticed a sky beast
  1477 | D:3      | HP: 2/41 [sky beast (6)]
  1778 | D:3      | Found a sparkling altar of Nemelex Xobeh.
  1964 | D:3      | HP: 2/41 [sky beast (1)]
  1964 | D:3      | Slain by a sky beast

Skill      XL: |  1  2  3  4 |
---------------+-------------+-----
Dodging        | 1 |  1.4
Long Blades    | 3 |  3.9
Fighting       | |  3.5
Armour         | |  3.3
Shields        | |  3.7

Action                   |  1- 3 |  4- 6 || total
-------------------------+-------+-------++-------
Melee: Long sword        |    99 |   165 ||   264
  Use: Scroll            |     4 |     3 ||     7
       Potion            |       |     1 ||     1
  Eat: Ration            |       |     2 ||     2
Armor: Scale mail        |    48 |    86 ||   134
Dodge: Dodged            |    38 |    70 ||   108
Block: Shield            |    68 |   116 ||   184
       Rpst.: Long sword |    12 |    27 ||    39
